 Dungeon Crawl Stone Soup version 0.24-a0-640-ge7cd8ce796 (webtiles) character file.

Game seed: 2347179594054931322, levelgen mode: deterministic

738 Gynju the Basher (level 7, -13/40 HPs)
             Began as a Gargoyle Gladiator on Sept 25, 2019.
             Mangled by an ogre
             ... wielding a +0 giant club
              (21 damage)
             ... on level 4 of the Dungeon.
             The game lasted 00:08:01 (4916 turns).

Gynju the Basher (Gargoyle Gladiator)               Turns: 4916, Time: 00:08:02

Health: -13/40     AC: 15    Str: 19    XL:     7   Next: 75%
Magic:  7/7        EV: 11    Int:  9    God:
Gold:   248        SH:  0    Dex: 11    Spells: 6/6 levels left

rFire    + . .     SeeInvis .   x - +2 flail (holy)
rCold    . . .     Gourm    .   (no shield)
rNeg     + + .     Faith    .   a - +2 ring mail {MR+}
rPois    ∞         Spirit   .   c - +0 helmet
rElec    +         Reflect  .   (no cloak)
rCorr    .         Harm     .   (no gloves)
MR       +....                  y - +2 pair of boots
Stlth    +.........             (no amulet)
HPRegen  0.13/turn              A - ring of protection from fire
MPRegen  0.10/turn              t - ring of positive energy

@: no status effects
A: negative energy resistance 1, electricity resistance, unbreathing,
petrification resistance, rot immunity, AC +4
a: no special abilities


You were on level 4 of the Dungeon.
You were not hungry.

You visited 1 branch of the dungeon, and saw 4 of its levels.

You collected 248 gold pieces.

Inventory:

Hand Weapons
 x - a +2 flail of holy wrath (weapon)
Missiles
 d - 4 throwing nets (quivered)
Armour
 a - a +2 ring mail of magic resistance (worn)
 c - a +0 helmet (worn)
 y - a +2 pair of boots (worn)
Jewellery
 t - a ring of positive energy (right hand)
 A - a ring of protection from fire (left hand)
Scrolls
 k - 2 scrolls of blinking {unknown}
 n - 4 scrolls of remove curse {unknown}
 o - 3 scrolls of identify {unknown}
 r - 3 scrolls of teleportation {unknown}
 u - a scroll of amnesia {unknown}
 v - a scroll of enchant armour {unknown}
 z - a scroll of noise {unknown}
Potions
 e - 2 potions of lignification {unknown}
 g - a potion of magic {unknown}
 h - 4 potions of degeneration {unknown}
 i - a potion of agility {unknown}
 j - 3 potions of haste {unknown}
 l - 4 potions of brilliance {unknown}
 m - a potion of invisibility {unknown}
 q - a potion of ambrosia {unknown}
 s - a potion of curing {unknown}
Comestibles
 b - 5 chunks of flesh
 f - 6 rations


   Skills:
 - Level 2.1 Fighting
 + Level 8.9 Maces & Flails
 - Level 1.7 Throwing
 - Level 2.4 Dodging


You had 6 spell levels left.
You didn't know any spells.
Your spell library was empty.

Dungeon Overview and Level Annotations

Branches:
Dungeon (4/15)
 Temple: D:4-7

Altars:
Dithmenos
Okawaru
Vehumet


Innate Abilities, Weirdness & Mutations

You are resistant to torment.
Your stone body is resilient. (AC +4)
You are immune to poison.
You resist negative energy. (rN+)
You are resistant to electric shocks. (rElec)
You can survive without breathing.
You are immune to petrification.
You are immune to rotting.


Message History

The gnoll is almost dead.
The ogre barely misses you. The gnoll hits you but does no damage.
You sock the gnoll!
You kill the gnoll!
The ogre hits you with a +0 giant club.
You closely miss the ogre. The gnoll closely misses you.
The ogre hits you with a +0 giant club!!
Ouch! That really hurt!
* * * LOW HITPOINT WARNING * * *
You are too injured to fight recklessly!
You are too injured to fight recklessly!
You are too injured to fight recklessly!
You are too injured to fight recklessly!
You are too injured to fight recklessly!
You are too injured to fight recklessly!
You completely miss the gnoll. The gnoll barely misses you.
Your ring mail prevents you from hitting the gnoll.
The ogre hits you with a +0 giant club!!
Ouch! That really hurt!
You die...

#.#.### ##..#####....##..#
###.#.# ##....#####.##..##
###...g.# ####.#####.##...#
#...#.g## #......##.###...
#.####.###########....).##.# ##<.
.......>.................#.####..
..####.###########..........#...)
..........)....###......##....##.
####......####.g@O......#...####.
#....).# #####........#..# #.
#...)..# #......#....####
####......##### ###.....###.....
...)).......... .........P.....#
≈≈≈≈≈....≈≈≈≈≈≈ ≈≈≈≈≈≈≈≈≈≈≈≈....#
≈≈≈≈≈÷...≈≈≈≈≈≈≈≈≈≈≈≈≈≈≈≈≈≈≈....#
≈≈≈≈≈.)..≈≈≈≈≈≈≈≈≈≈≈≈#####≈≈....#
.....................#g..#≈≈....#


You could see an ogre and a gnoll.

Vanquished Creatures
  A scorpion (D:4)
  A howler monkey (D:4)
  A bullfrog zombie (D:2)
  2 orc priests (D:4)
  4 gnoll shamans
  2 hounds
  21 gnolls
  5 adders
  2 oozes
  A worm (D:2)
  A dart slug (D:2)
  A leopard gecko (D:4)
  14 orcs
  5 bats
  6 giant cockroaches
  9 goblins
  A hobgoblin (D:3)
  26 jackals
  5 kobolds
  4 quokkas
  2 ball pythons
  A ball python skeleton (D:4)
  8 frilled lizards
  A leopard gecko skeleton (D:4)
  5 rats
129 creatures vanquished.

Notes
Turn   | Place    | Note
-------+----------+-------------------------------------------
     0 | D:1      | Gynju the Gargoyle Gladiator began the quest for the Orb.
     0 | D:1      | Reached XP level 1. HP: 12/12 MP: 1/1
   287 | D:1      | Reached XP level 2. HP: 17/17 MP: 2/2
   447 | D:2      | Found a shadowy altar of Dithmenos.
   448 | D:2      | Found a radiant altar of Vehumet.
   630 | D:2      | Reached skill level 4 in Maces & Flails
   630 | D:2      | Reached XP level 3. HP: 20/21 MP: 3/3
   642 | D:2      | Found an iron altar of Okawaru.
   988 | D:2      | Reached XP level 4. HP: 26/26 MP: 4/4
  1228 | D:2      | Reached skill level 5 in Maces & Flails
  1499 | D:3      | Reached XP level 5. HP: 5/30 MP: 5/5
  2683 | D:4      | Reached skill level 6 in Maces & Flails
  2984 | D:4      | Reached XP level 6. HP: 23/35 MP: 6/6
  3278 | D:4      | Reached skill level 7 in Maces & Flails
  3974 | D:4      | Reached XP level 7. HP: 40/40 MP: 7/7
  4348 | D:4      | Reached skill level 8 in Maces & Flails
  4916 | D:4      | Mangled by an ogre

Levels and vault maps discovered:
D:1:      scummos_arrival_forest, layout_rooms
D:2:      layout_basic, chequers_temple_overflow_statue_of_worship
D:3:      layout_basic
D:4:      lemuel_castle_with_subvaults [lemuel_castle_interior_carwin_3],
          layout_rooms, tgw_xom

Skill      XL: |  1  2  3  4  5  6  7 |
---------------+----------------------+-----
Maces & Flails | 4 5 6 7 8 |  8.9
Fighting       | |  2.1
Throwing       | |  1.7
Dodging        | |  2.4

Action                   |  1- 3 |  4- 6 |  7- 9 || total
-------------------------+-------+-------+-------++-------
Melee: Flail             |    81 |   304 |   159 ||   544
 Stab: Sleeping          |     1 |       |       ||     1
  Eat: Chunk             |       |    10 |     4 ||    14
Armor: Leather armour    |    36 |    88 |       ||   124
       Ring mail         |       |    91 |    72 ||   163
Dodge: Dodged            |    96 |   267 |    88 ||   451

Table legend:
 A = Non-vault XP
 B = Vault XP
 C = Vault XP percentage of total XP
 D = Non-vault monster count
 E = Vault monster count
 F = Vault count percentage of total count
                 A         B        C        D         E       F
            +---------+---------+-------+---------+---------+-------
      Total |     562 |     493 |  46.7 |      90 |      39 |  30.2
            +---------+---------+-------+---------+---------+-------
        D:1 |      13 |       0 |   0.0 |       8 |       0 |   0.0
        D:2 |     110 |       0 |   0.0 |      25 |       0 |   0.0
        D:3 |     118 |     112 |  48.7 |      33 |       4 |  10.8
        D:4 |     321 |     381 |  54.3 |      24 |      35 |  59.3
            +---------+---------+-------+---------+---------+-------
